 Dungeon Crawl Stone Soup version 0.31-a0-232-gb1c03b2570 (webtiles) character file.

Game seed: 13288431832706602238

48 qw the Shooter (level 3, -1/21 HPs)
             Began as a Gargoyle Hexslinger on July 7, 2023.
             Slain by a goblin
             ... wielding a +0 club
             ... led by Robin
              (6 damage)
             ... on level 2 of the Dungeon.
             The game lasted 00:00:20 (933 turns).

qw the Shooter (Gargoyle Hexslinger)                 Turns: 933, Time: 00:00:20

Health: -1/21      AC:  9    Str: 11    XL:     3   Next: 72%
Magic:  4/4        EV: 12    Int: 13    God:
Gold:   104        SH:  0    Dex: 14    Spells: 3/4 levels left

rFire   . . .        Y - +1 sling (freeze)
rCold   . . .        (no shield)
rNeg    + . .        c - +0 robe
rPois   inf          (no helmet)
rElec   +            (no cloak)
rCorr   .            (no gloves)
SInv    .            (no boots)
Will    .....        (no amulet)
Stlth   +            j - +4 ring of protection
HPRegen 0.23/turn    (no ring)
MPRegen 0.09/turn

%: no passive effects
@: no status effects
A: sickness immunity, AC +3, negative energy resistance 1, electricity
resistance, torment resistance 1, petrification resistance
a: no special abilities


You were on level 2 of the Dungeon.
You visited 1 branch of the dungeon, and saw 2 of its levels.

You collected 104 gold pieces.


Innate Abilities, Weirdness & Mutations

You are immune to sickness and miasma.
Your stone body is resilient. (AC +3)
You are immune to poison.
You resist negative energy. (rN+)
You are resistant to electric shocks. (rElec)
You are resistant to unholy torment.
You are immune to petrification.


   Skills:
 - Level 2.2 Fighting
 + Level 3.5 Ranged Weapons
 - Level 1.5 Dodging
 - Level 1.0 Spellcasting
 - Level 2.6 Hexes


You had 3 spell levels left.
You knew the following spells:

 Your Spells              Type           Power      Damage    Failure   Level
a - Slow                  Hex            28%        N/A       10%         1

Your spell library contained the following spells:

 Spells                   Type           Power      Damage    Failure   Level
 Inner Flame              Hex/Fire       4%         N/A       43%         3
 Portal Projectile        Hex/Tloc       8%         N/A       43%         3
 Cause Fear               Hex            3%         N/A       67%         4

Inventory:

Hand Weapons
 Y - a +1 sling of freezing (weapon)
Armour
 c - a +0 robe (worn)
 f - a +0 ring mail
Jewellery
 a - the ring of Wezai {Will+++ rCorr EV+5 Str+3}
   (You found it on level 2 of the Dungeon)

   [ring of evasion]

   EV:        It affects your evasion (+5).
   Str:       It affects your strength (+3).
   rCorr:     It protects you from acid and corrosion.
   Will:      It greatly increases your willpower.
 d - a ring of fire
 j - a +4 ring of protection (left hand)
Scrolls
 b - a scroll of identify
 g - a scroll of vulnerability {unknown}
Potions
 e - a potion of brilliance {unknown}
 h - a potion of invisibility {unknown}
 i - a potion of haste

Dungeon Overview and Level Annotations

Branches:
Dungeon (2/15)

Altars:

Annotations:
D:2 Robin


Message History

You kill the goblin!
Robin throws the goblin at you! The goblin barely misses you.
You shoot a sling bullet.
The sling bullet closely misses the hobgoblin.
The hobgoblin barely misses you. The goblin hits you but does no damage.
You shoot a sling bullet. The sling bullet hits the hobgoblin.
The sling bullet freezes the hobgoblin.
The hobgoblin is severely wounded.
The hobgoblin hits you but does no damage.
The goblin closely misses you.
You shoot a sling bullet. The sling bullet hits the hobgoblin.
The sling bullet freezes the hobgoblin.
You kill the hobgoblin!
The goblin hits you with a +0 club. The goblin closely misses you.
The hobgoblin hits you but does no damage.
The goblin hits you but does no damage. The hobgoblin barely misses you.
The goblin hits you with a +0 dagger. The goblin hits you but does no damage.
You shoot a sling bullet.
The sling bullet barely misses the goblin.
The goblin closely misses you. x2; The hobgoblin closely misses you.
The goblin hits you but does no damage. The goblin closely misses you.
You shoot a sling bullet.
The sling bullet barely misses the goblin.
The goblin hits you but does no damage. The goblin hits you with a +0 club.
The hobgoblin barely misses you. The goblin barely misses you.
The goblin misses you. The goblin hits you but does no damage.
You shoot a sling bullet. The sling bullet misses the goblin.
The goblin hits you with a +0 club. The goblin hits you but does no damage.
The goblin closely misses you. The hobgoblin misses you.
The goblin hits you with a +0 club. The goblin closely misses you.
You shoot a sling bullet.
The sling bullet barely misses the goblin.
The goblin barely misses you. The goblin closely misses you.
The hobgoblin misses you. The goblin hits you but does no damage.
The goblin barely misses you. The goblin closely misses you.
You shoot a sling bullet. The sling bullet hits the goblin.
The sling bullet freezes the goblin.
You kill the goblin!
The goblin misses you. x3; The goblin hits you with a +0 club.
You die...

#..#... ....... .#.#...
)..... ...#.. ..)..?
##.#.# ....#
##....###..#.
#..#.#.#..... ....#
##..##.#.....#####..
##.ggg##......# ##.
#..g@g.#......# #..
#..g)..#......# #.#
##....##......# #..
##..##.#.....# ###
#.#..#.#.#....##### #
#....#.##........###
#......##.#..........
#..........#.#....>.#.#
#............##...#####.


You could see Robin, a hobgoblin (strong) and 4 goblins.

Vanquished Creatures
  2 adders (D:2)
  A dart slug (D:1)
  6 goblins (D:2)
  3 hobgoblins
  5 kobolds
  2 quokkas
  2 ball pythons (D:2)
  3 bats
  A frilled lizard (D:1)
  3 rats
28 creatures vanquished.

Notes
Turn   | Place    | Note
-------+----------+-------------------------------------------
     0 | D:1      | qw the Gargoyle Hexslinger began the quest for the Orb.
     0 | D:1      | Reached XP level 1. HP: 12/12 MP: 2/2
     0 | D:1      | 0 ||| qw: Version: 0.3-a-46-gb1f654a
     0 | D:1      | 0 ||| qw: Game counter: 2358
     0 | D:1      | 0 ||| qw: Melee chars always use a shield: true
     0 | D:1      | 0 ||| qw: God list: Okawaru
     0 | D:1      | 0 ||| qw: Allow faded altars: false
     0 | D:1      | 0 ||| qw: Do Orc after clearing Dungeon:15 true
     0 | D:1      | 0 ||| qw: Do second Lair branch before Depths: true
     0 | D:1      | 0 ||| qw: Lair rune preference: random
     0 | D:1      | 0 ||| qw: Goals: Normal
     0 | D:1      | 0 ||| PLANNING D:1-11
    85 | D:1      | Reached XP level 2. HP: 16/16 MP: 3/3
   401 | D:1      | Reached skill level 3 in Ranged Weapons
   678 | D:1      | 678 ||| UPGRADING to +4 ring of protection.
   679 | D:1      | 679 ||| READING scroll labelled MAMMER PYCHESHACWO.
   680 | D:1      | 680 ||| READING scroll labelled FUOGYU IVYAMUIHO.
   681 | D:1      | 681 ||| READING scroll labelled PIEROBRAJI.
   682 | D:1      | 682 ||| DRINKING 2 bubbling golden potions.
   683 | D:1      | 683 ||| DROPPING scroll of poison.
   737 | D:2      | Identified the ring of Wezai {Will+++ rCorr EV+5 Str+3}
   743 | D:2      | Reached XP level 3. HP: 21/21 MP: 4/4
   921 | D:2      | Noticed Robin
   931 | D:2      | HP: 5/21 [goblin/+0 club[Robin] (4)]
   933 | D:2      | Slain by a goblin

Levels and vault maps discovered:
D:1:      tarquinn_simple_flora_water_a, layout_basic
D:2:      layout_loops_cross, minmay_misc_feat_secret_circle, st_stairs_1,
          minmay_circled_x, uniq_robin

Skill      XL: |  1  2 |
---------------+-------+-----
Ranged Weapons | 3 |  3.5
Fighting       | 2 |  2.2
Dodging        | |  1.5
Spellcasting   | |  1.0
Hexes          | |  2.6

Action                     || total
---------------------------++-------
   Fire: Sling             ||    80
    Use: Scroll            ||     3
         Potion            ||     1
 Armour: Robe              ||    20
  Dodge: Dodged            ||    38

Table legend:
 A = Non-vault XP
 B = Vault XP
 C = Vault XP percentage of total XP
 D = Non-vault monster count
 E = Vault monster count
 F = Vault count percentage of total count
                 A         B        C        D         E       F
            +---------+---------+-------+---------+---------+-------
      Total |      41 |      30 |  42.3 |      18 |      10 |  35.7
            +---------+---------+-------+---------+---------+-------
        D:1 |      21 |       0 |   0.0 |      12 |       0 |   0.0
        D:2 |      20 |      30 |  60.0 |       6 |      10 |  62.5
            +---------+---------+-------+---------+---------+-------
